 Dungeon Crawl Stone Soup version 0.30.0-19-g36f170ea60 (webtiles) character file.

Game seed: 7182102842025711957

26 Amplified the Digger (level 2, 0/21 HPs)
             Began as a Demonspawn Earth Elementalist on May 28, 2023.
             Killed from afar by a hobgoblin (9 damage)
             ... with a puff of flame
             ... on level 2 of the Dungeon.
             The game lasted 00:01:46 (1387 turns).

Amplified the Digger (DsEE)                         Turns: 1387, Time: 00:01:48

Health: 0/21       AC:  2    Str:  8    XL:     2   Next: 89%
Magic:  3/5        EV: 12    Int: 16    God:
Gold:   92         SH:  0    Dex: 13    Spells: 4/5 levels left

rFire   . . .        g - +0 short sword
rCold   . . .        (no shield)
rNeg    . . .        a - +0 robe
rPois   .            (helmet restricted)
rElec   .            (no cloak)
rCorr   .            (no gloves)
SInv    .            (no boots)
Will    .....        (no amulet)
Stlth   ++           (no ring)
HPRegen 0.23/turn    (no ring)
MPRegen 0.09/turn

%: no passive effects
@: no status effects
A: antennae 1
a: no special abilities


You were on level 2 of the Dungeon.
You visited 1 branch of the dungeon, and saw 2 of its levels.

You collected 92 gold pieces.

Inventory:

Hand Weapons
 g - a +0 short sword (weapon)
Armour
 a - a +0 robe (worn)
Scrolls
 f - a scroll of vulnerability {unknown}
 i - a scroll of enchant armour {unknown}
 j - 3 scrolls of teleportation {unknown}
 k - 2 scrolls of magic mapping {unknown}
 m - a scroll of enchant weapon {unknown}
Potions
 b - a potion of magic
 c - 2 potions of mutation {unknown}
 e - 2 potions of heal wounds {unknown}
 h - a potion of resistance {unknown}
 l - a potion of ambrosia {unknown}
 n - a potion of brilliance {unknown}


   Skills:
 * Level 1.1 Fighting
 - Level 1.7 Dodging
 - Level 1.7 Stealth
 * Level 2.3 Spellcasting
 * Level 1.4 Transmutations
 * Level 3.0 Earth Magic


You had 4 spell levels left.
You knew the following spells:

 Your Spells              Type           Power      Damage    Failure   Level
a - Sandblast             Erth           22%        2d7       6%          1

Your spell library contained the following spells:

 Spells                   Type           Power      Damage    Failure   Level
 Passwall                 Tmut/Erth      7%         N/A       12%         2
 Freeze                   Ice            4%         1d3       21%         1
 Stone Arrow              Conj/Erth      12%        3d7       32%         3
 Frozen Ramparts          Ice            2%         1d1       52%         3
 Hailstorm                Conj/Ice       1%         3d3       52%         3
 Petrify                  Tmut/Erth      9%         N/A       63%         4
 Borgnjor's Revivificati  Necr           0%         N/A       100%        8
 Necromutation            Tmut/Necr      2%         N/A       100%        8
 Death's Door             Necr           0%         N/A       100%        9


Dungeon Overview and Level Annotations

Branches:
Dungeon (2/15)

Altars:


Innate Abilities, Weirdness & Mutations

You have a pair of small antennae on your head.


Message History

A hobgoblin is nearby!
Okay, then.
No target in view!
No target in view!
No target in view!
No target in view!
No target in view!
You sense a monster nearby.
No target in view!
No target in view!
Okay, then.
No target in view!
No target in view!
The hobgoblin shouts!
You barely miss the hobgoblin. The hobgoblin barely misses you.
You barely miss the hobgoblin.
The hobgoblin zaps a wand.
The puff of flame hits you!
Ouch! That really hurt!
You are too injured to fight recklessly!
You are too injured to fight recklessly!
You are too injured to fight recklessly!
Unknown command.
The hobgoblin attacks as you move away! The hobgoblin closely misses you.
Casting: Sandblast (safe; 6% risk of failure)
Confirm with . or Enter, or press ? or * to list all spells.
Aiming: Sandblast (safe; 6% risk of failure)
Press: ? - help, Shift-Dir - straight line, f - hobgoblin
Aim: a hobgoblin, carrying a wand of flame (19) (82% to hit)
The blast of sand hits the hobgoblin.
The hobgoblin is heavily wounded.
The hobgoblin closely misses you.
Casting: Sandblast (safe; 6% risk of failure)
Confirm with . or Enter, or press ? or * to list all spells.
Aiming: Sandblast (safe; 6% risk of failure)
Press: ? - help, Shift-Dir - straight line, f/p - hobgoblin
Aim: a hobgoblin, carrying a wand of flame (19) (heavily wounded, 82% to hit)
The blast of sand hits the hobgoblin.
The hobgoblin is almost dead.
The hobgoblin zaps a wand.
The puff of flame hits you!
You die...

####.####
#.......#
#.##.##.# # #.##.#
#....# ####..###
####### #.......#
#.....#
#.......#.# #g#
###.##.##.# #@# #
#.
#.##.#####.###...#
# #..............#
####.###########
#.......#
#########


You could see a hobgoblin.

Vanquished Creatures
  5 endoplasms
  2 giant cockroaches (D:1)
  2 goblins (D:2)
  3 hobgoblins
  A ball python (D:1)
  2 bats
  2 frilled lizards (D:1)
  3 kobolds
  5 rats
25 creatures vanquished.

Notes
Turn   | Place    | Note
-------+----------+-------------------------------------------
     0 | D:1      | Amplified the Demonspawn Earth Elementalist began the quest
                  | for the Orb.
     0 | D:1      | Reached XP level 1. HP: 13/13 MP: 3/3
    65 | D:1      | Reached skill level 1 in Transmutations
   439 | D:1      | Discovered your monstrous ancestry.
   439 | D:1      | Gained mutation: You have a pair of small antennae on your
                  | head. [demonic ancestry]
   439 | D:1      | Reached XP level 2. HP: 20/20 MP: 5/5
   888 | D:2      | Found a faded altar of an unknown god.
  1012 | D:2      | Reached skill level 1 in Fighting
  1012 | D:2      | Reached skill level 3 in Earth Magic
  1387 | D:2      | Killed from afar by a hobgoblin

Illustrated notes

Levels and vault maps discovered:
D:1:      mrwooster_arrival_arrow, layout_basic
D:2:      layout_loops_cross, nicolae_ecumenical_pavilion, lemuel_flame_loot_1

Skill      XL: |  1  2 |
---------------+-------+-----
Transmutations | 1 |  1.4
Fighting       | 1 |  1.1
Earth Magic    | 3 |  3.0
Dodging        | |  1.7
Stealth        | |  1.7
Spellcasting   | |  2.3

Action                     || total
---------------------------++-------
  Melee: Short sword       ||    64
         Punch             ||     1
   Cast: Sandblast         ||     5
    Use: Scroll            ||     1
   Stab: Sleeping          ||     9
 Armour: Robe              ||    11
  Dodge: Dodged            ||    33
